Workbook
Name XDO_?NET_ASSET_VAL?8?: 'IB18-NI'!$E$763

Sheet IB18-NI
A1: IB18-Groww Nifty Total Market Index Fund
A2: Top 7 issuers and stocks respectively as % of NAV of the scheme
A3: ISIN | B3: Name Of Instrument | C3: Rating/Industry | D3: % To Net Assets
A4: INE040A01034 | B4: HDFC Bank Limited | C4: Banks | D4: 0.051704684
A5: INE090A01021 | B5: ICICI Bank Limited | C5: Banks | D5: 0.049603875
A6: INE002A01018 | B6: Reliance Industries Limited | C6: Petroleum Products | D6: 0.041084025
A7: INE397D01024 | B7: Bharti Airtel Limited | C7: Telecom - Services | D7: 0.026238895
A8: INE018A01030 | B8: Larsen & Toubro Limited | C8: Construction | D8: 0.022545508
A9: INE062A01020 | B9: State Bank of India | C9: Banks | D9: 0.020865651
A10: INE009A01021 | B10: Infosys Limited | C10: IT - Software | D10: 0.018938749
A13: Top 7 groups as % of NAV of the scheme
A14: Management Group | C14: % to NAV
A15: =+TMI!A1 -> PSU | C15: 0.0857
A16: =+TMI!A2 -> HDFC | C16: 0.0577
A17: =+TMI!A3 -> Tata | C17: 0.056
A18: =+TMI!A4 -> ICICI | C18: 0.0531
A19: =+TMI!A5 -> Mukesh Ambani | C19: 0.045
A20: =+TMI!A6 -> Bharti | C20: 0.0292
A21: =+TMI!A7 -> Bajaj | C21: 0.0287
A23: Top 4 sectors as % of NAV of the scheme
A24: Sector | B24: % to NAV
A25: Financial Services | B25: 0.30315055
A26: Capital Goods | B26: 0.08066591
A27: Automobile and Auto Components | B27: 0.07517767
A28: Healthcare | B28: 0.07479432

Sheet TMI
A1: PSU | B1: 8.569302
A2: HDFC | B2: 5.772311
A3: Tata | B3: 5.602112
A4: ICICI | B4: 5.31042
A5: Mukesh Ambani | B5: 4.501451
A6: Bharti | B6: 2.917798
A7: Bajaj | B7: 2.871987

Sheet IB20-NS
A1: IB20-Groww Nifty Smallcap 250 Index Fund
A2: Top 7 issuers and stocks respectively as % of NAV of the scheme
A3: ISIN | B3: Name Of Instrument | C3: Rating/Industry | D3: % To Net Assets
A4: INE073K01018 | B4: Sona BLW Precision Forgings Limited | C4: Auto Components | D4: 0.016527351
A5: INE0LEZ01016 | B5: Ather Energy Limited | C5: Automobiles | D5: 0.014940696
A6: INE036D01028 | B6: Karur Vysya Bank Limited | C6: Banks | D6: 0.01488717
A7: INE048G01026 | B7: Navin Fluorine International Limited | C7: Chemicals & Petrochemicals | D7: 0.014475405
A8: INE191B01025 | B8: WELSPUN CORP LTD | C8: Industrial Products | D8: 0.014205211
A9: INE202B01038 | B9: Piramal Finance Limited | C9: Finance | D9: 0.012558725
A10: INE148O01028 | B10: Delhivery Limited | C10: Logistics | D10: 0.01158485
A13: Top 7 groups as % of NAV of the scheme
A14: Management Group | C14: % to NAV
A15: =+'amc250 index'!A1 -> PSU | C15: 0.069
A16: =+'amc250 index'!A2 -> MNC | C16: 0.0249
A17: =+'amc250 index'!A3 -> Welspun | C17: 0.017
A18: =+'amc250 index'!A4 -> Murugappa Chettiar | C18: 0.0162
A19: =+'amc250 index'!A5 -> Arvind Mafatlal | C19: 0.0145
A20: =+'amc250 index'!A6 -> Tata | C20: 0.014
A21: =+'amc250 index'!A7 -> Wadhawan | C21: 0.0126
A23: Top 4 sectors as % of NAV of the scheme
A24: Sector | B24: % to NAV
A25: Financial Services | B25: 0.22242812
A26: Capital Goods | B26: 0.13486326
A27: Healthcare | B27: 0.13181367
A28: Automobile and Auto Components | B28: 0.09404229

Sheet amc250 index
A1: PSU | B1: 6.904931
A2: MNC | B2: 2.487692
A3: Welspun | B3: 1.703319
A4: Murugappa Chettiar | B4: 1.620001
A5: Arvind Mafatlal | B5: 1.447541
A6: Tata | B6: 1.400734
A7: Wadhawan | B7: 1.255873

Sheet IB21-NC
A1: IB21-Groww Nifty Non-Cycl Consumer Index Fund
A2: Top 7 issuers and stocks respectively as % of NAV of the scheme
A3: ISIN | B3: Name Of Instrument | C3: Rating/Industry | D3: % To Net Assets
A4: INE758T01015 | B4: Eternal Limited | C4: Retailing | D4: 0.10133837
A5: INE397D01024 | B5: Bharti Airtel Limited | C5: Telecom - Services | D5: 0.095500449
A6: INE280A01028 | B6: Titan Company Limited | C6: Consumer Durables | D6: 0.089992155
A7: INE154A01025 | B7: ITC Limited | C7: Diversified FMCG | D7: 0.087073982
A8: INE030A01027 | B8: Hindustan Unilever Limited | C8: Diversified FMCG | D8: 0.074566323
A9: INE021A01026 | B9: Asian Paints Limited | C9: Consumer Durables | D9: 0.051263518
A10: INE646L01027 | B10: InterGlobe Aviation Limited | C10: Transport Services | D10: 0.050607997
A13: Top 7 groups as % of NAV of the scheme
A14: Management Group | C14: % to NAV
A15: =+NCCI!A1 -> Tata | C15: 0.2078
A16: =+NCCI!A2 -> Bharti | C16: 0.0955
A17: =+NCCI!A3 -> ITC - MNC | C17: 0.0871
A18: =+NCCI!A4 -> Hindustan Unilever - MNC | C18: 0.0746
A19: =+NCCI!A5 -> Asian Paints | C19: 0.0513
A20: =+NCCI!A6 -> Interglobe | C20: 0.0506
A21: =+NCCI!A7 -> Nestle India - MNC | C21: 0.0458
A23: Top 4 sectors as % of NAV of the scheme
A24: Sector | B24: % to NAV
A25: Fast Moving Consumer Goods | B25: 0.35925884
A26: Consumer Services | B26: 0.2834773
A27: Consumer Durables | B27: 0.19260406
A28: Telecommunication | B28: 0.10414623

Sheet NCCI
A1: Tata | B1: 20.775752
A2: Bharti | B2: 9.550045
A3: ITC - MNC | B3: 8.707398
A4: Hindustan Unilever - MNC | B4: 7.456632
A5: Asian Paints | B5: 5.126352
A6: Interglobe | B6: 5.0608
A7: Nestle India - MNC | B7: 4.584064

Sheet IB23-EE
A1: IB23-Groww Nifty EV & New Age Automotive ETF
A2: Top 7 issuers and stocks respectively as % of NAV of the scheme
A3: ISIN | B3: Name Of Instrument | C3: Rating/Industry | D3: % To Net Assets
A4: INE101A01026 | B4: Mahindra & Mahindra Limited | C4: Automobiles | D4: 0.079778225
A5: INE585B01010 | B5: Maruti Suzuki India Limited | C5: Automobiles | D5: 0.076181877
A6: INE073K01018 | B6: Sona BLW Precision Forgings Limited | C6: Auto Components | D6: 0.048757863
A7: INE323A01026 | B7: Bosch Limited | C7: Auto Components | D7: 0.04610412
A8: INE775A01035 | B8: Samvardhana Motherson International Limited | C8: Auto Components | D8: 0.043970503
A9: INE405E01023 | B9: UNO Minda Limited | C9: Auto Components | D9: 0.042292851
A10: INE917I01010 | B10: Bajaj Auto Limited | C10: Automobiles | D10: 0.041232254
A13: Top 7 groups as % of NAV of the scheme
A14: Management Group | C14: % to NAV
A15: =+'Ev ETF'!A1 -> Tata | C15: 0.1168
A16: =+'Ev ETF'!A2 -> Mahindra & Mahindra | C16: 0.0798
A17: =+'Ev ETF'!A3 -> Maruti Suzuki - MNC | C17: 0.0762
A18: =+'Ev ETF'!A4 -> Murugappa Chettiar | C18: 0.0462
A19: =+'Ev ETF'!A5 -> Bosch - MNC | C19: 0.0461
A20: =+'Ev ETF'!A6 -> Sumi Motherson | C20: 0.044
A21: =+'Ev ETF'!A7 -> Nirmal Kumar Minda | C21: 0.0423
A23: Top 4 sectors as % of NAV of the scheme
A24: Sector | B24: % to NAV
A25: Automobile and Auto Components | B25: 0.67296943
A26: Capital Goods | B26: 0.1231803
A27: Information Technology | B27: 0.08408615
A28: Chemicals | B28: 0.08261543

Sheet Ev  ETF
A1: Tata | B1: 11.68032
A2: Mahindra & Mahindra | B2: 7.977823
A3: Maruti Suzuki - MNC | B3: 7.618188
A4: Murugappa Chettiar | B4: 4.622171
A5: Bosch - MNC | B5: 4.610412
A6: Sumi Motherson | B6: 4.39705
A7: Nirmal Kumar Minda | B7: 4.229285

Sheet IB24-LE
A1: IB24-GROWW NIFTY 1D Rate Liquid ETF
A2: Top 7 issuers and stocks respectively as % of NAV of the scheme
A3: ISIN | B3: Name Of Instrument | C3: Rating/Industry | D3: % To Net Assets
A4: INTREP010926 | B4: The Clearing Corporation of India Ltd. | D4: 0.9938
A12: Top 7 groups as % of NAV of the scheme
A13: Management Group | C13: % to NAV
A22: Top 4 sectors as % of NAV of the scheme
A23: Sector | B23: % to NAV

Sheet IB25-DE
A1: IB25-Groww Nifty India Defence ETF
A2: Top 7 issuers and stocks respectively as % of NAV of the scheme
A3: ISIN | B3: Name Of Instrument | C3: Rating/Industry | D3: % To Net Assets
A4: INE066F01020 | B4: Hindustan Aeronautics Limited | C4: Aerospace & Defense | D4: 0.21383727
A5: INE263A01024 | B5: Bharat Electronics Limited | C5: Aerospace & Defense | D5: 0.19499268
A6: INE465A01025 | B6: Bharat Forge Limited | C6: Auto Components | D6: 0.13909426
A7: INE343H01029 | B7: Solar Industries India Limited | C7: Chemicals & Petrochemicals | D7: 0.12141735
A8: INE249Z01020 | B8: Mazagon Dock Shipbuilders Limited | C8: Industrial Manufacturing | D8: 0.046707307
A9: INE864I01014 | B9: Mtar Technologies Limited | C9: Electrical Equipment | D9: 0.037459909
A10: INE386C01029 | B10: ASTRA MICROWAVE PRODUCTS LIMITED | C10: Aerospace & Defense | D10: 0.034955332
A14: Top 7 groups as % of NAV of the scheme
A15: Management Group | C15: % to NAV
A16: =+'Def ETf'!A1 -> PSU | C16: 0.5584
A17: =+'Def ETf'!A2 -> Kalyani | C17: 0.1391
A24: Top 4 sectors as % of NAV of the scheme
A25: Sector | B25: % to NAV
A26: Capital Goods | B26: 0.73902552
A27: Automobile and Auto Components | B27: 0.13909426
A28: Chemicals | B28: 0.12141735

Sheet Def ETf
A1: PSU | B1: 55.835554
A2: Kalyani | B2: 13.909426

Sheet IB31-RI
A1: IB31-Groww Nifty India Railways PSU Index Fund
A2: Top 7 issuers and stocks respectively as % of NAV of the scheme
A3: ISIN | B3: Name Of Instrument | C3: Rating/Industry | D3: % To Net Assets
A4: INE111A01025 | B4: Container Corporation of India Limited | C4: Transport Services | D4: 0.20064812
A5: INE053F01010 | B5: Indian Railway Finance Corporation Limited | C5: Finance | D5: 0.18928549
A6: INE335Y01020 | B6: Indian Railway Catering & Tourism Corp | C6: Leisure Services | D6: 0.16483869
A7: INE415G01027 | B7: Rail Vikas Nigam Limited | C7: Construction | D7: 0.13535113
A8: INE733E01010 | B8: NTPC Limited | C8: Power | D8: 0.053440733
A9: INE263A01024 | B9: Bharat Electronics Limited | C9: Aerospace & Defense | D9: 0.051109555
A10: INE962Y01021 | B10: Ircon International Limited | C10: Construction | D10: 0.044164553
A14: Top 7 groups as % of NAV of the scheme
A15: Management Group | C15: % to NAV
A16: PSU | C16: 1
A24: Top 4 sectors as % of NAV of the scheme
A25: Sector | B25: % to NAV
A26: Construction | B26: 0.21274253
A27: Services | B27: 0.20064812
A28: Financial Services | B28: 0.18928549
A29: Consumer Services | B29: 0.16483869

Sheet IB32-RE
A1: IB32-Groww Nifty India Railways PSU ETF
A2: Top 7 issuers and stocks respectively as % of NAV of the scheme
A3: ISIN | B3: Name Of Instrument | C3: Rating/Industry | D3: % To Net Assets
A4: INE111A01025 | B4: Container Corporation of India Limited | C4: Transport Services | D4: 0.20008594
A5: INE053F01010 | B5: Indian Railway Finance Corporation Limited | C5: Finance | D5: 0.18875998
A6: INE335Y01020 | B6: Indian Railway Catering & Tourism Corp | C6: Leisure Services | D6: 0.16437374
A7: INE415G01027 | B7: Rail Vikas Nigam Limited | C7: Construction | D7: 0.13497278
A8: INE733E01010 | B8: NTPC Limited | C8: Power | D8: 0.053289467
A9: INE263A01024 | B9: Bharat Electronics Limited | C9: Aerospace & Defense | D9: 0.050963379
A10: INE962Y01021 | B10: Ircon International Limited | C10: Construction | D10: 0.044042418
A14: Top 7 groups as % of NAV of the scheme
A15: Management Group | C15: % to NAV
A16: PSU | C16: 0.9988
A24: Top 4 sectors as % of NAV of the scheme
A25: Sector | B25: % to NAV
A26: Construction | B26: 0.21215006
A27: Services | B27: 0.20008594
A28: Financial Services | B28: 0.18875998
A29: Consumer Services | B29: 0.16437374

Sheet IB33-2E
A1: IB33-GROWW NIFTY 200 ETF
A2: Top 7 issuers and stocks respectively as % of NAV of the scheme
A3: ISIN | B3: Name Of Instrument | C3: Rating/Industry | D3: % To Net Assets
A4: INE040A01034 | B4: HDFC Bank Limited | C4: Banks | D4: 0.063674433
A5: INE090A01021 | B5: ICICI Bank Limited | C5: Banks | D5: 0.061088353
A6: INE002A01018 | B6: Reliance Industries Limited | C6: Petroleum Products | D6: 0.050596688
A7: INE397D01024 | B7: Bharti Airtel Limited | C7: Telecom - Services | D7: 0.032313861
A8: INE018A01030 | B8: Larsen & Toubro Limited | C8: Construction | D8: 0.027754724
A9: INE062A01020 | B9: State Bank of India | C9: Banks | D9: 0.025694909
A10: INE009A01021 | B10: Infosys Limited | C10: IT - Software | D10: 0.023318592
A14: Top 7 groups as % of NAV of the scheme
A15: Management Group | C15: % to NAV
A16: =+'Nifty 200 ETF'!A1 -> PSU | C16: 0.0911
A17: =+'Nifty 200 ETF'!A2 -> HDFC | C17: 0.0702
A18: =+'Nifty 200 ETF'!A3 -> Tata | C18: 0.067
A19: =+'Nifty 200 ETF'!A4 -> ICICI | C19: 0.0642
A20: =+'Nifty 200 ETF'!A5 -> Mukesh Ambani | C20: 0.0552
A21: =+'Nifty 200 ETF'!A6 -> Bharti | C21: 0.0353
A22: =+'Nifty 200 ETF'!A7 -> Bajaj | C22: 0.0342
A24: Top 4 sectors as % of NAV of the scheme
A25: Sector | B25: % to NAV
A26: Financial Services | B26: 0.32515809
A27: Oil, Gas & Consumable Fuels | B27: 0.07583491
A28: Automobile and Auto Components | B28: 0.07134874
A29: Information Technology | B29: 0.06972365

Sheet Nifty 200 ETF
A1: PSU | B1: 9.107558
A2: HDFC | B2: 7.02232
A3: Tata | B3: 6.703111
A4: ICICI | B4: 6.418954
A5: Mukesh Ambani | B5: 5.524099
A6: Bharti | B6: 3.525082
A7: Bajaj | B7: 3.417737

Sheet IB35-3E
A1: IB35-Groww Nifty 500 Momentum 50 ETF
A2: Top 7 issuers and stocks respectively as % of NAV of the scheme
A3: ISIN | B3: Name Of Instrument | C3: Rating/Industry | D3: % To Net Assets
A4: INE745G01043 | B4: Multi Commodity Exchange of India Limited | C4: Capital Markets | D4: 0.057
A5: INE947Q01028 | B5: Laurus Labs Limited | C5: Pharmaceuticals & Biotechnology | D5: 0.0563
A6: INE721A01047 | B6: Shriram Finance Limited | C6: Finance | D6: 0.0519
A7: INE038A01020 | B7: Hindalco Industries Limited | C7: Non - Ferrous Metals | D7: 0.0496
A8: INE298A01020 | B8: Cummins India Limited | C8: Industrial Products | D8: 0.0438
A9: INE200A01026 | B9: GE Vernova T&D India Limited | C9: Electrical Equipment | D9: 0.0419
A10: INE814H01029 | B10: Adani Power Limited | C10: Power | D10: 0.0411
A14: Top 7 groups as % of NAV of the scheme
A15: Management Group | C15: % to NAV
A16: =+'MOm 50 ETF'!A1 -> PSU | C16: 0.1012
A17: =+'MOm 50 ETF'!A2 -> Birla Aditya | C17: 0.0862
A18: =+'MOm 50 ETF'!A3 -> Adani | C18: 0.0679
A19: =+'MOm 50 ETF'!A4 -> MCX | C19: 0.057
A20: =+'MOm 50 ETF'!A5 -> Shriram Transport | C20: 0.0519
A21: =+'MOm 50 ETF'!A6 -> Cummins India - MNC | C21: 0.0438
A22: =+'MOm 50 ETF'!A7 -> Federal Bank | C22: 0.0376
A24: Top 4 sectors as % of NAV of the scheme
A25: Sector | B25: % to NAV
A26: Capital Goods | B26: 0.31211041
A27: Financial Services | B27: 0.24041725
A28: Healthcare | B28: 0.12875415
A29: Metals & Mining | B29: 0.10365101

Sheet MOm 50 ETF
A1: PSU | B1: 10.118208
A2: Birla Aditya | B2: 8.623729
A3: Adani | B3: 6.785424
A4: MCX | B4: 5.700883
A5: Shriram Transport | B5: 5.190732
A6: Cummins India - MNC | B6: 4.38208
A7: Federal Bank | B7: 3.763418

Sheet IB40-5E
A1: IB40-Groww Nifty 500 Low Volatility 50 ETF
A2: Top 7 issuers and stocks respectively as % of NAV of the scheme
A3: ISIN | B3: Name Of Instrument | C3: Rating/Industry | D3: % To Net Assets
A4: INE467B01029 | B4: Tata Consultancy Services Limited | C4: IT - Software | D4: 0.0538
A5: INE062A01020 | B5: State Bank of India | C5: Banks | D5: 0.0516
A6: INE044A01036 | B6: Sun Pharmaceutical Industries Limited | C6: Pharmaceuticals & Biotechnology | D6: 0.0505
A7: INE733E01010 | B7: NTPC Limited | C7: Power | D7: 0.0465
A8: INE397D01024 | B8: Bharti Airtel Limited | C8: Telecom - Services | D8: 0.0462
A9: INE585B01010 | B9: Maruti Suzuki India Limited | C9: Automobiles | D9: 0.0435
A10: INE752E01010 | B10: Power Grid Corporation of India Limited | C10: Power | D10: 0.0427
A14: Top 7 groups as % of NAV of the scheme
A15: Management Group | C15: % to NAV
A16: =+'Low vol 50 ETF'!A1 -> PSU | C16: 0.1573
A17: =+'Low vol 50 ETF'!A2 -> Tata | C17: 0.0758
A18: =+'Low vol 50 ETF'!A3 -> PSU - SBI | C18: 0.0556
A19: =+'Low vol 50 ETF'!A4 -> Sun Pharma | C19: 0.0505
A20: =+'Low vol 50 ETF'!A5 -> Bharti | C20: 0.0462
A21: =+'Low vol 50 ETF'!A6 -> Maruti Suzuki - MNC | C21: 0.0435
A22: =+'Low vol 50 ETF'!A7 -> Bajaj | C22: 0.0431
A24: Top 4 sectors as % of NAV of the scheme
A25: Sector | B25: % to NAV
A26: Healthcare | B26: 0.22401618
A27: Financial Services | B27: 0.13438004
A28: Automobile and Auto Components | B28: 0.12826648
A29: Power | B29: 0.1088601

Sheet Low vol 50 ETF
A1: PSU | B1: 15.731376
A2: Tata | B2: 7.582137
A3: PSU - SBI | B3: 5.561387
A4: Sun Pharma | B4: 5.050111
A5: Bharti | B5: 4.619342
A6: Maruti Suzuki - MNC | B6: 4.347119
A7: Bajaj | B7: 4.308189

Sheet IB41-6E
A1: IB41-Groww Nifty India Internet ETF
A2: Top 7 issuers and stocks respectively as % of NAV of the scheme
A3: ISIN | B3: Name Of Instrument | C3: Rating/Industry | D3: % To Net Assets
A4: INE758T01015 | B4: Eternal Limited | C4: Retailing | D4: 0.2159
A5: INE982J01020 | B5: One 97 Communications Limited | C5: Financial Technology (Fintech) | D5: 0.1349
A6: INE417T01026 | B6: PB Fintech Limited | C6: Financial Technology (Fintech) | D6: 0.1211
A7: INE663F01032 | B7: Info Edge (India) Limited | C7: Retailing | D7: 0.0939
A8: INE388Y01029 | B8: FSN E-Commerce Ventures Limited | C8: Retailing | D8: 0.0893
A9: INE00H001014 | B9: SWIGGY LIMITED | C9: Retailing | D9: 0.0747
A10: INE732I01021 | B10: Angel One Limited | C10: Capital Markets | D10: 0.0348
A14: Top 7 groups as % of NAV of the scheme
A15: Management Group | C15: % to NAV
A16: =+'Internet ETF'!A1 -> Sanjeev Bikhchandani | C16: 0.0939
A17: =+'Internet ETF'!A2 -> Motilal Oswal | C17: 0.0305
A18: =+'Internet ETF'!A3 -> PSU | C18: 0.0271
A19: =+'Internet ETF'!A4 -> IIFL | C19: 0.0074
A20: =+'Internet ETF'!A5 -> MNC | C20: 0.0066
A21: =+'Internet ETF'!A6 -> Thomas Cook - MNC | C21: 0.0033
A22: =+'Internet ETF'!A7 -> Mukesh Ambani | C22: 0.0029
A24: Top 4 sectors as % of NAV of the scheme
A25: Sector | B25: % to NAV
A26: Consumer Services | B26: 0.61300274
A27: Financial Services | B27: 0.37067115
A28: Media, Entertainment & Publication | B28: 0.01582871

Sheet Internet ETF
A1: Sanjeev Bikhchandani | B1: 9.387181
A2: Motilal Oswal | B2: 3.045343
A3: PSU | B3: 2.710616
A4: IIFL | B4: 0.73992
A5: MNC | B5: 0.662841
A6: Thomas Cook - MNC | B6: 0.330136
A7: Mukesh Ambani | B7: 0.290545

Sheet IB43-7F
A1: IB43-Groww Nifty 50 Index Fund
A2: Top 7 issuers and stocks respectively as % of NAV of the scheme
A3: ISIN | B3: Name Of Instrument | C3: Rating/Industry | D3: % To Net Assets
A4: INE040A01034 | B4: HDFC Bank Limited | C4: Banks | D4: 0.0985
A5: INE090A01021 | B5: ICICI Bank Limited | C5: Banks | D5: 0.0945
A6: INE002A01018 | B6: Reliance Industries Limited | C6: Petroleum Products | D6: 0.0783
A7: INE397D01024 | B7: Bharti Airtel Limited | C7: Telecom - Services | D7: 0.05
A8: INE018A01030 | B8: Larsen & Toubro Limited | C8: Construction | D8: 0.043
A9: INE062A01020 | B9: State Bank of India | C9: Banks | D9: 0.0398
A10: INE009A01021 | B10: Infosys Limited | C10: IT - Software | D10: 0.0361
A14: Top 7 groups as % of NAV of the scheme
A15: Management Group | C15: % to NAV
A16: =+'Nifty 50 index '!A1 -> HDFC | C16: 0.1038
A17: =+'Nifty 50 index '!A2 -> ICICI | C17: 0.0945
A18: =+'Nifty 50 index '!A3 -> Mukesh Ambani | C18: 0.0855
A19: =+'Nifty 50 index '!A4 -> Tata | C19: 0.0758
A20: =+'Nifty 50 index '!A5 -> PSU | C20: 0.0553
A21: =+'Nifty 50 index '!A6 -> Bharti | C21: 0.05
A22: =+'Nifty 50 index '!A7 -> Bajaj | C22: 0.0485
A24: Top 4 sectors as % of NAV of the scheme
A25: Sector | B25: % to NAV
A26: Financial Services | B26: 0.36464977
A27: Oil, Gas & Consumable Fuels | B27: 0.09516909
A28: Information Technology | B28: 0.08475855
A29: Automobile and Auto Components | B29: 0.07055639

Sheet Nifty 50 index 
A1: HDFC | B1: 10.380936
A2: ICICI | B2: 9.450365
A3: Mukesh Ambani | B3: 8.545421
A4: Tata | B4: 7.582814
A5: PSU | B5: 5.527727
A6: Bharti | B6: 4.998921
A7: Bajaj | B7: 4.848422

Sheet IB44-7E
A1: IB44-Groww Nifty 50 ETF
A2: Top 7 issuers and stocks respectively as % of NAV of the scheme
A3: ISIN | B3: Name Of Instrument | C3: Rating/Industry | D3: % To Net Assets
A4: INE040A01034 | B4: HDFC Bank Limited | C4: Banks | D4: 0.098380376
A5: INE090A01021 | B5: ICICI Bank Limited | C5: Banks | D5: 0.094373052
A6: INE002A01018 | B6: Reliance Industries Limited | C6: Petroleum Products | D6: 0.078173875
A7: INE397D01024 | B7: Bharti Airtel Limited | C7: Telecom - Services | D7: 0.049913914
A8: INE018A01030 | B8: Larsen & Toubro Limited | C8: Construction | D8: 0.042882369
A9: INE062A01020 | B9: State Bank of India | C9: Banks | D9: 0.039699797
A10: INE009A01021 | B10: Infosys Limited | C10: IT - Software | D10: 0.036033416
A14: Top 7 groups as % of NAV of the scheme
A15: Management Group | C15: % to NAV
A16: =+'Nifty 50 ETF'!A1 -> HDFC | C16: 0.1037
A17: =+'Nifty 50 ETF'!A2 -> ICICI | C17: 0.0944
A18: =+'Nifty 50 ETF'!A3 -> Mukesh Ambani | C18: 0.0853
A19: =+'Nifty 50 ETF'!A4 -> Tata | C19: 0.0757
A20: =+'Nifty 50 ETF'!A5 -> PSU | C20: 0.0552
A21: =+'Nifty 50 ETF'!A6 -> Bharti | C21: 0.0499
A22: =+'Nifty 50 ETF'!A7 -> Bajaj | C22: 0.0484
A24: Top 4 sectors as % of NAV of the scheme
A25: Sector | B25: % to NAV
A26: Financial Services | B26: 0.36417157
A27: Oil, Gas & Consumable Fuels | B27: 0.0950511
A28: Information Technology | B28: 0.08465157
A29: Automobile and Auto Components | B29: 0.07040207

Sheet Nifty 50 ETF
A1: HDFC | B1: 10.367358
A2: ICICI | B2: 9.437305
A3: Mukesh Ambani | B3: 8.534926
A4: Tata | B4: 7.572319
A5: PSU | B5: 5.52061
A6: Bharti | B6: 4.991391
A7: Bajaj | B7: 4.842733

Sheet IB45-8E
A1: IB45-Groww BSE Power ETF
A2: Top 7 issuers and stocks respectively as % of NAV of the scheme
A3: ISIN | B3: Name Of Instrument | C3: Rating/Industry | D3: % To Net Assets
A4: INE733E01010 | B4: NTPC Limited | C4: Power | D4: 0.1685
A5: INE752E01010 | B5: Power Grid Corporation of India Limited | C5: Power | D5: 0.1302
A6: INE814H01029 | B6: Adani Power Limited | C6: Power | D6: 0.087
A7: INE257A01026 | B7: Bharat Heavy Electricals Limited | C7: Electrical Equipment | D7: 0.0687
A8: INE067A01029 | B8: CG Power and Industrial Solutions Limited | C8: Electrical Equipment | D8: 0.0657
A9: INE245A01021 | B9: The Tata Power Company Limited | C9: Power | D9: 0.0626
A10: INE040H01021 | B10: Suzlon Energy Limited | C10: Electrical Equipment | D10: 0.0619
A14: Top 7 groups as % of NAV of the scheme
A15: Management Group | C15: % to NAV
A16: =+'power ETF'!A1 -> PSU | C16: 0.3926
A17: =+'power ETF'!A2 -> Adani | C17: 0.1304
A18: =+'power ETF'!A3 -> Siemens - MNC | C18: 0.07
A19: =+'power ETF'!A4 -> Murugappa Chettiar | C19: 0.0657
A20: =+'power ETF'!A5 -> Tata | C20: 0.0626
A21: =+'power ETF'!A6 -> Suzlon | C21: 0.0619
A22: =+'power ETF'!A7 -> ABB India - MNC | C22: 0.0426
A24: Top 4 sectors as % of NAV of the scheme
A25: Sector | B25: % to NAV
A26: Power | B26: 0.57225157
A27: Capital Goods | B27: 0.42739397

Sheet power ETF
A1: PSU | B1: 39.264352
A2: Adani | B2: 13.044406
A3: Siemens - MNC | B3: 7.000596
A4: Murugappa Chettiar | B4: 6.572742
A5: Tata | B5: 6.257796
A6: Suzlon | B6: 6.189639
A7: ABB India - MNC | B7: 4.25983

Sheet IB47-9E
A1: IB47-Groww Nifty Next 50 ETF
A2: Top 7 issuers and stocks respectively as % of NAV of the scheme
A3: ISIN | B3: Name Of Instrument | C3: Rating/Industry | D3: % To Net Assets
A4: INE361B01024 | B4: Divi's Laboratories Limited | C4: Pharmaceuticals & Biotechnology | D4: 0.0473
A5: INE494B01023 | B5: TVS Motor Company Limited | C5: Automobiles | D5: 0.0401
A6: INE1TAE01010 | B6: Tata Motors Limited | C6: Agricultural, Commercial & Construction Vehicles | D6: 0.0387
A7: INE066F01020 | B7: Hindustan Aeronautics Limited | C7: Aerospace & Defense | D7: 0.0358
A8: INE814H01029 | B8: Adani Power Limited | C8: Power | D8: 0.0323
A9: INE121A01024 | B9: Cholamandalam Investment and Finance Company Limited | C9: Finance | D9: 0.0316
A10: INE775A01035 | B10: Samvardhana Motherson International Limited | C10: Auto Components | D10: 0.0297
A14: Top 7 groups as % of NAV of the scheme
A15: Management Group | C15: % to NAV
A16: =+'Next 50 ETF'!A1 -> PSU | C16: 0.2141
A17: =+'Next 50 ETF'!A2 -> Tata | C17: 0.0943
A18: =+'Next 50 ETF'!A3 -> Adani | C18: 0.0667
A19: =+'Next 50 ETF'!A4 -> Murugappa Chettiar | C19: 0.0563
A20: =+'Next 50 ETF'!A5 -> Divis Labs | C20: 0.0473
A21: =+'Next 50 ETF'!A6 -> TVS Iyengar | C21: 0.0401
A22: =+'Next 50 ETF'!A7 -> Vedanta - MNC | C22: 0.0298
A24: Top 4 sectors as % of NAV of the scheme
A25: Sector | B25: % to NAV
A26: Financial Services | B26: 0.19800139
A27: Capital Goods | B27: 0.17470294
A28: Automobile and Auto Components | B28: 0.09877219
A29: Power | B29: 0.0894357

Sheet Next 50 ETF
A1: PSU | B1: 21.40938
A2: Tata | B2: 9.426622
A3: Adani | B3: 6.666524
A4: Murugappa Chettiar | B4: 5.631424
A5: Divis Labs | B5: 4.725406
A6: TVS Iyengar | B6: 4.011243
A7: Vedanta - MNC | B7: 2.982902

Sheet IB48-9F
A1: IB48-Groww Nifty Next 50 Index Fund
A2: Top 7 issuers and stocks respectively as % of NAV of the scheme
A3: ISIN | B3: Name Of Instrument | C3: Rating/Industry | D3: % To Net Assets
A4: INE361B01024 | B4: Divi's Laboratories Limited | C4: Pharmaceuticals & Biotechnology | D4: 0.047265524
A5: INE494B01023 | B5: TVS Motor Company Limited | C5: Automobiles | D5: 0.040074695
A6: INE1TAE01010 | B6: Tata Motors Limited | C6: Agricultural, Commercial & Construction Vehicles | D6: 0.038669105
A7: INE066F01020 | B7: Hindustan Aeronautics Limited | C7: Aerospace & Defense | D7: 0.035786677
A8: INE814H01029 | B8: Adani Power Limited | C8: Power | D8: 0.032287792
A9: INE121A01024 | B9: Cholamandalam Investment and Finance Company Limited | C9: Finance | D9: 0.031572819
A10: INE775A01035 | B10: Samvardhana Motherson International Limited | C10: Auto Components | D10: 0.02963358
A14: Top 7 groups as % of NAV of the scheme
A15: Management Group | C15: % to NAV
A16: =+'Next 50 Index'!A1 -> PSU | C16: 0.2139
A17: =+'Next 50 Index'!A2 -> Tata | C17: 0.0942
A18: =+'Next 50 Index'!A3 -> Adani | C18: 0.0666
A19: =+'Next 50 Index'!A4 -> Murugappa Chettiar | C19: 0.0563
A20: =+'Next 50 Index'!A5 -> Divis Labs | C20: 0.0473
A21: =+'Next 50 Index'!A6 -> TVS Iyengar | C21: 0.0401
A22: =+'Next 50 Index'!A7 -> Vedanta - MNC | C22: 0.0298
A24: Top 4 sectors as % of NAV of the scheme
A25: Sector | B25: % to NAV
A26: Financial Services | B26: 0.19779739
A27: Capital Goods | B27: 0.17452438
A28: Automobile and Auto Components | B28: 0.09867576
A29: Power | B29: 0.08932771

Sheet Next 50 Index
A1: PSU | B1: 21.387586
A2: Tata | B2: 9.415709
A3: Adani | B3: 6.658147
A4: Murugappa Chettiar | B4: 5.6257
A5: Divis Labs | B5: 4.726552
A6: TVS Iyengar | B6: 4.007469
A7: Vedanta - MNC | B7: 2.978849

Sheet IB50-XA
A1: IB50-Groww Nifty Realty ETF
A2: Top 7 issuers and stocks respectively as % of NAV of the scheme
A3: ISIN | B3: Name Of Instrument | C3: Rating/Industry | D3: % To Net Assets
A4: INE271C01023 | B4: DLF Limited | C4: Realty | D4: 0.1977
A5: INE211B01039 | B5: The Phoenix Mills Limited | C5: Realty | D5: 0.1582
A6: INE670K01029 | B6: Lodha Developers Limited | C6: Realty | D6: 0.1483
A7: INE811K01011 | B7: Prestige Estates Projects Limited | C7: Realty | D7: 0.1229
A8: INE484J01027 | B8: Godrej Properties Limited | C8: Realty | D8: 0.1215
A9: INE093I01010 | B9: Oberoi Realty Limited | C9: Realty | D9: 0.0981
A10: INE791I01019 | B10: Brigade Enterprises Limited | C10: Realty | D10: 0.0542
A13: Top 7 groups as % of NAV of the scheme
A14: Management Group | C14: % to NAV
A15: =+'Reality ETF'!A1 -> DLF | C15: 0.1977
A16: =+'Reality ETF'!A2 -> Phoenix | C16: 0.1582
A17: =+'Reality ETF'!A3 -> Prestige | C17: 0.1229
A18: =+'Reality ETF'!A4 -> Godrej | C18: 0.1215
A19: =+'Reality ETF'!A5 -> Vikas Oberoi | C19: 0.0981
A20: =+'Reality ETF'!A6 -> MR Jaishankar | C20: 0.0542
A21: =+'Reality ETF'!A7 -> Birla Aditya | C21: 0.0317
A23: Top 4 sectors as % of NAV of the scheme
A24: Sector | B24: % to NAV
A25: Realty | B25: 0.9985739

Sheet Reality ETF
A1: DLF | B1: 19.772157
A2: Phoenix | B2: 15.818889
A3: Prestige | B3: 12.285408
A4: Godrej | B4: 12.151833
A5: Vikas Oberoi | B5: 9.806098
A6: MR Jaishankar | B6: 5.421413
A7: Birla Aditya | B7: 3.165156

Sheet IB51-XB
A1: IB51-Groww Nifty Capital Markets ETF
A2: Top 7 issuers and stocks respectively as % of NAV of the scheme
A3: ISIN | B3: Name Of Instrument | C3: Rating/Industry | D3: % To Net Assets
A4: INE745G01043 | B4: Multi Commodity Exchange of India Limited | C4: Capital Markets | D4: 0.19652314
A5: INE118H01025 | B5: BSE Ltd | C5: Capital Markets | D5: 0.16811684
A6: INE127D01025 | B6: HDFC Asset Management Company Limited | C6: Capital Markets | D6: 0.12112252
A7: INE466L01038 | B7: 360 ONE WAM LIMITED | C7: Capital Markets | D7: 0.068980671
A8: INE736A01011 | B8: Central Depository Services (India) Limited | C8: Capital Markets | D8: 0.056604706
A9: INE298J01013 | B9: Nippon Life India Asset Management Limited | C9: Capital Markets | D9: 0.047618378
A10: INE463V01026 | B10: Anand Rathi Wealth Limited | C10: Capital Markets | D10: 0.044585954
A14: Top 7 groups as % of NAV of the scheme
A15: Management Group | C15: % to NAV
A16: =+'capital maetket ETF'!A1 -> MCX | C16: 0.1965
A17: =+'capital maetket ETF'!A2 -> HDFC | C17: 0.1211
A18: =+'capital maetket ETF'!A3 -> IIFL | C18: 0.069
A19: =+'capital maetket ETF'!A4 -> CDSL | C19: 0.0566
A20: =+'capital maetket ETF'!A5 -> Motilal Oswal | C20: 0.037
A21: =+'capital maetket ETF'!A6 -> ICICI | C21: 0.034
A22: =+'capital maetket ETF'!A7 -> Edelweiss | C22: 0.0307
A24: Top 4 sectors as % of NAV of the scheme
A25: Sector | B25: % to NAV
A26: Financial Services | B26: 1.0002239

Sheet capital maetket ETF
A1: MCX | B1: 19.652314
A2: HDFC | B2: 12.112252
A3: IIFL | B3: 6.898067
A4: CDSL | B4: 5.660471
A5: Motilal Oswal | B5: 3.695938
A6: ICICI | B6: 3.396179
A7: Edelweiss | B7: 3.071219

Sheet IB52-XC
A1: IB52-Groww Nifty Smallcap 250 ETF
A2: Top 7 issuers and stocks respectively as % of NAV of the scheme
A3: ISIN | B3: Name Of Instrument | C3: Rating/Industry | D3: % To Net Assets
A4: INE073K01018 | B4: Sona BLW Precision Forgings Limited | C4: Auto Components | D4: 0.016494944
A5: INE0LEZ01016 | B5: Ather Energy Limited | C5: Automobiles | D5: 0.014905505
A6: INE036D01028 | B6: Karur Vysya Bank Limited | C6: Banks | D6: 0.014857124
A7: INE048G01026 | B7: Navin Fluorine International Limited | C7: Chemicals & Petrochemicals | D7: 0.014431621
A8: INE191B01025 | B8: WELSPUN CORP LTD | C8: Industrial Products | D8: 0.014173788
A9: INE202B01038 | B9: Piramal Finance Limited | C9: Finance | D9: 0.0125321
A10: INE148O01028 | B10: Delhivery Limited | C10: Transport Services | D10: 0.011560606
A14: Top 7 groups as % of NAV of the scheme
A15: Management Group | C15: % to NAV
A16: =+'smc250 ETf'!A1 -> PSU | C16: 0.0689
A17: =+'smc250 ETf'!A2 -> MNC | C17: 0.0248
A18: =+'smc250 ETf'!A3 -> Welspun | C18: 0.017
A19: =+'smc250 ETf'!A4 -> Murugappa Chettiar | C19: 0.0162
A20: =+'smc250 ETf'!A5 -> Arvind Mafatlal | C20: 0.0144
A21: =+'smc250 ETf'!A6 -> Tata | C21: 0.014
A22: =+'smc250 ETf'!A7 -> Wadhawan | C22: 0.0125
A24: Top 4 sectors as % of NAV of the scheme
A25: Sector | B25: % to NAV
A26: Financial Services | B26: 0.22195671
A27: Capital Goods | B27: 0.13437232
A28: Healthcare | B28: 0.13140835
A29: Automobile and Auto Components | B29: 0.09378955

Sheet smc250 ETf
A1: PSU | B1: 6.887957
A2: MNC | B2: 2.480445
A3: Welspun | B3: 1.699581
A4: Murugappa Chettiar | B4: 1.616766
A5: Arvind Mafatlal | B5: 1.443162
A6: Tata | B6: 1.397343
A7: Wadhawan | B7: 1.25321

Sheet IB53-XD
A1: IB53-Groww Nifty Midcap 150 ETF
A2: Top 7 issuers and stocks respectively as % of NAV of the scheme
A3: ISIN | B3: Name Of Instrument | C3: Rating/Industry | D3: % To Net Assets
A4: INE118H01025 | B4: BSE Ltd | C4: Capital Markets | D4: 0.031329343
A5: INE171A01029 | B5: The Federal Bank Limited | C5: Banks | D5: 0.020550567
A6: INE745G01043 | B6: Multi Commodity Exchange of India Limited | C6: Capital Markets | D6: 0.020226046
A7: INE947Q01028 | B7: Laurus Labs Limited | C7: Pharmaceuticals & Biotechnology | D7: 0.017397121
A8: INE982J01020 | B8: One 97 Communications Limited | C8: Financial Technology (Fintech) | D8: 0.016892607
A9: INE158A01026 | B9: Hero MotoCorp Limited | C9: Automobiles | D9: 0.016503796
A10: INE591G01025 | B10: Coforge Limited | C10: IT - Software | D10: 0.016143694
A14: Top 7 groups as % of NAV of the scheme
A15: Management Group | C15: % to NAV
A16: =+'Midcap 150 ETF'!A1 -> PSU | C16: 0.1104
A17: =+'Midcap 150 ETF'!A2 -> MNC | C17: 0.0366
A18: =+'Midcap 150 ETF'!A3 -> Hinduja | C18: 0.0274
A19: =+'Midcap 150 ETF'!A4 -> Federal Bank | C19: 0.0206
A20: =+'Midcap 150 ETF'!A5 -> MCX | C20: 0.0202
A21: =+'Midcap 150 ETF'!A6 -> Om Prakash Jindal | C21: 0.0173
A22: =+'Midcap 150 ETF'!A7 -> ICICI | C22: 0.0172
A24: Top 4 sectors as % of NAV of the scheme
A25: Sector | B25: % to NAV
A26: Financial Services | B26: 0.28873705
A27: Capital Goods | B27: 0.13457968
A28: Healthcare | B28: 0.10155222
A29: Automobile and Auto Components | B29: 0.06647237

Sheet Midcap 150 ETF
A1: PSU | B1: 11.035529
A2: MNC | B2: 3.663642
A3: Hinduja | B3: 2.738965
A4: Federal Bank | B4: 2.055057
A5: MCX | B5: 2.022605
A6: Om Prakash Jindal | B6: 1.733335
A7: ICICI | B7: 1.715095

Sheet IB54-YD
A1: IB54-Groww Nifty Midcap 150 Index Fund
A2: Top 7 issuers and stocks respectively as % of NAV of the scheme
A3: ISIN | B3: Name Of Instrument | C3: Rating/Industry | D3: % To Net Assets
A4: INE118H01025 | B4: BSE Ltd | C4: Capital Markets | D4: 0.031347707
A5: INE171A01029 | B5: The Federal Bank Limited | C5: Banks | D5: 0.020556243
A6: INE745G01043 | B6: Multi Commodity Exchange of India Limited | C6: Capital Markets | D6: 0.020269489
A7: INE947Q01028 | B7: Laurus Labs Limited | C7: Pharmaceuticals & Biotechnology | D7: 0.017419357
A8: INE982J01020 | B8: One 97 Communications Limited | C8: Financial Technology (Fintech) | D8: 0.016896039
A9: INE158A01026 | B9: Hero MotoCorp Limited | C9: Automobiles | D9: 0.01652489
A10: INE591G01025 | B10: Coforge Limited | C10: IT - Software | D10: 0.016149858
A14: Top 7 groups as % of NAV of the scheme
A15: Management Group | C15: % to NAV
A16: =+'midcap 150 Index'!A1 -> PSU | C16: 0.1104
A17: =+'midcap 150 Index'!A2 -> MNC | C17: 0.0367
A18: =+'midcap 150 Index'!A3 -> Hinduja | C18: 0.0274
A19: =+'midcap 150 Index'!A4 -> Federal Bank | C19: 0.0206
A20: =+'midcap 150 Index'!A5 -> MCX | C20: 0.0203
A21: =+'midcap 150 Index'!A6 -> Om Prakash Jindal | C21: 0.0173
A22: =+'midcap 150 Index'!A7 -> ICICI | C22: 0.0172
A24: Top 4 sectors as % of NAV of the scheme
A25: Sector | B25: % to NAV
A26: Financial Services | B26: 0.28895929
A27: Capital Goods | B27: 0.13529603
A28: Healthcare | B28: 0.10208587
A29: Automobile and Auto Components | B29: 0.06638504

Sheet midcap 150 Index
A1: PSU | B1: 11.041497
A2: MNC | B2: 3.671505
A3: Hinduja | B3: 2.740437
A4: Federal Bank | B4: 2.055624
A5: MCX | B5: 2.026949
A6: Om Prakash Jindal | B6: 1.733861
A7: ICICI | B7: 1.717947

Sheet IB57-XE
A1: IB57-Groww Nifty Metal ETF
A2: Top 7 issuers and stocks respectively as % of NAV of the scheme
A3: ISIN | B3: Name Of Instrument | C3: Rating/Industry | D3: % To Net Assets
A4: INE081A01020 | B4: Tata Steel Limited | C4: Ferrous Metals | D4: 0.17876497
A5: INE038A01020 | B5: Hindalco Industries Limited | C5: Non - Ferrous Metals | D5: 0.17247248
A6: INE019A01038 | B6: JSW Steel Limited | C6: Ferrous Metals | D6: 0.14387838
A7: INE423A01024 | B7: Adani Enterprises Limited | C7: Metals & Minerals Trading | D7: 0.096773946
A8: INE205A01025 | B8: Vedanta Limited | C8: Diversified Metals | D8: 0.055344625
A9: INE749A01030 | B9: Jindal Steel Limited | C9: Ferrous Metals | D9: 0.051835536
A10: INE702C01027 | B10: APL Apollo Tubes Limited | C10: Industrial Products | D10: 0.047484064
A14: Top 7 groups as % of NAV of the scheme
A15: Management Group | C15: % to NAV
A16: =+'metal ETF'!A1 -> Om Prakash Jindal | C16: 0.2215
A17: =+'metal ETF'!A2 -> Tata | C17: 0.1788
A18: =+'metal ETF'!A3 -> Birla Aditya | C18: 0.1725
A19: =+'metal ETF'!A4 -> PSU | C19: 0.1292
A20: =+'metal ETF'!A5 -> Adani | C20: 0.0968
A21: =+'metal ETF'!A6 -> Vedanta - MNC | C21: 8..89%
A22: =+'metal ETF'!A7 -> Sanjay Gupta | C22: 0.0475
A24: Top 4 sectors as % of NAV of the scheme
A25: Sector | B25: % to NAV
A26: Metals & Mining | B26: 0.91504132
A27: Capital Goods | B27: 0.08423837

Sheet metal ETF
A1: Om Prakash Jindal | B1: 22.151447
A2: Tata | B2: 17.876497
A3: Birla Aditya | B3: 17.247248
A4: PSU | B4: 12.918545
A5: Adani | B5: 9.677395
A6: Vedanta - MNC | B6: 8.89394
A7: Sanjay Gupta | B7: 4.748406

Sheet IB59-XF
A1: IB59-Groww Nifty Chemicals ETF
A2: Top 7 issuers and stocks respectively as % of NAV of the scheme
A3: ISIN | B3: Name Of Instrument | C3: Rating/Industry | D3: % To Net Assets
A4: INE318A01026 | B4: Pidilite Industries Limited | C4: Chemicals & Petrochemicals | D4: 0.1404
A5: INE343H01029 | B5: Solar Industries India Limited | C5: Chemicals & Petrochemicals | D5: 0.1314
A6: INE647A01010 | B6: SRF Limited | C6: Chemicals & Petrochemicals | D6: 0.0998
A7: INE048G01026 | B7: Navin Fluorine International Limited | C7: Chemicals & Petrochemicals | D7: 0.0857
A8: INE628A01036 | B8: UPL Limited | C8: Fertilizers & Agrochemicals | D8: 0.0846
A9: INE169A01031 | B9: Coromandel International Limited | C9: Fertilizers & Agrochemicals | D9: 0.0612
A10: INE09N301011 | B10: Gujarat Fluorochemicals Limited | C10: Chemicals & Petrochemicals | D10: 0.0531
A14: Top 7 groups as % of NAV of the scheme
A15: Management Group | C15: % to NAV
A16: =+'chemical ETF'!A1 -> Parekh | C16: 0.1404
A17: =+'chemical ETF'!A2 -> DCM | C17: 0.0998
A18: =+'chemical ETF'!A3 -> Arvind Mafatlal | C18: 0.0857
A19: =+'chemical ETF'!A4 -> Rajju Shroff | C19: 0.0846
A20: =+'chemical ETF'!A5 -> Murugappa Chettiar | C20: 0.0612
A21: =+'chemical ETF'!A6 -> Mehta CK | C21: 0.0575
A22: =+'chemical ETF'!A7 -> Inox | C22: 0.0531
A24: Top 4 sectors as % of NAV of the scheme
A25: Sector | B25: % to NAV
A26: Chemicals | B26: 0.99919046

Sheet chemical ETF
A1: Parekh | B1: 14.03847
A2: DCM | B2: 9.982195
A3: Arvind Mafatlal | B3: 8.570245
A4: Rajju Shroff | B4: 8.464288
A5: Murugappa Chettiar | B5: 6.116418
A6: Mehta CK | B6: 5.754617
A7: Inox | B7: 5.311758

Sheet IB61-XG
A1: IB61-Groww Nifty PSE ETF
A2: Top 7 issuers and stocks respectively as % of NAV of the scheme
A3: ISIN | B3: Name Of Instrument | C3: Rating/Industry | D3: % To Net Assets
A4: INE733E01010 | B4: NTPC Limited | C4: Power | D4: 0.12863422
A5: INE263A01024 | B5: Bharat Electronics Limited | C5: Aerospace & Defense | D5: 0.12302295
A6: INE752E01010 | B6: Power Grid Corporation of India Limited | C6: Power | D6: 0.098913476
A7: INE522F01014 | B7: Coal India Limited | C7: Consumable Fuels | D7: 0.07974974
A8: INE066F01020 | B8: Hindustan Aeronautics Limited | C8: Aerospace & Defense | D8: 0.075499114
A9: INE213A01029 | B9: Oil & Natural Gas Corporation Limited | C9: Oil | D9: 0.074624206
A10: INE029A01011 | B10: Bharat Petroleum Corporation Limited | C10: Petroleum Products | D10: 0.054427583
A14: Top 7 groups as % of NAV of the scheme
A15: Management Group | C15: % to NAV
A16: PSU | C16: 0.9958
A24: Top 4 sectors as % of NAV of the scheme
A25: Sector | B25: % to NAV
A26: Oil, Gas & Consumable Fuels | B26: 0.34250035
A27: Capital Goods | B27: 0.25200189
A28: Power | B28: 0.25151158
A29: Financial Services | B29: 0.08794805

Sheet IB63-XH
A1: IB63-Groww BSE Hospitals ETF
A2: Top 7 issuers and stocks respectively as % of NAV of the scheme
A3: ISIN | B3: Name Of Instrument | C3: Rating/Industry | D3: % To Net Assets
A4: INE437A01024 | B4: Apollo Hospitals Enterprise Limited | C4: Healthcare Services | D4: 0.207
A5: INE027H01010 | B5: Max Healthcare Institute Limited | C5: Healthcare Services | D5: 0.1999
A6: INE061F01013 | B6: Fortis Healthcare Limited | C6: Healthcare Services | D6: 0.1819
A7: INE914M01019 | B7: Aster DM Healthcare Limited | C7: Healthcare Services | D7: 0.0844
A8: INE967H01025 | B8: Krishna Institute of Medical Sciences Limited | C8: Healthcare Services | D8: 0.0791
A9: INE410P01011 | B9: Narayana Hrudayalaya Limited | C9: Healthcare Services | D9: 0.056
A10: INE474Q01031 | B10: GLOBAL HEALTH LIMITED | C10: Healthcare Services | D10: 0.0539
A14: Top 7 groups as % of NAV of the scheme
A15: Management Group | C15: % to NAV
A16: =+'BSE Hospital ETF'!A1 -> Apollo Hospitals | C16: 0.2138
A17: =+'BSE Hospital ETF'!A2 -> Max | C17: 0.1999
A18: =+'BSE Hospital ETF'!A3 -> Fortis | C18: 0.1819
A19: =+'BSE Hospital ETF'!A4 -> Devi Prasad Shetty | C19: 0.056
A20: =+'BSE Hospital ETF'!A5 -> HCG | C20: 0.0163
A21: =+'BSE Hospital ETF'!A6 -> Raunaq Singh | C21: 0.0066
A24: Top 4 sectors as % of NAV of the scheme
A25: Sector | B25: % to NAV
A26: Healthcare | B26: 1.0002851

Sheet BSE Hospital ETF
A1: Apollo Hospitals | B1: 21.377469
A2: Max | B2: 19.992781
A3: Fortis | B3: 18.193804
A4: Devi Prasad Shetty | B4: 5.600555
A5: HCG | B5: 1.63192
A6: Raunaq Singh | B6: 0.657757

Sheet IB65-YI
A1: IB65-Groww Nifty PSU Bank Index Fund
A2: Top 7 issuers and stocks respectively as % of NAV of the scheme
A3: ISIN | B3: Name Of Instrument | C3: Rating/Industry | D3: % To Net Assets
A4: INE062A01020 | B4: State Bank of India | C4: Banks | D4: 0.3403
A5: INE028A01039 | B5: Bank of Baroda | C5: Banks | D5: 0.121
A6: INE476A01022 | B6: Canara Bank | C6: Banks | D6: 0.1166
A7: INE160A01022 | B7: Punjab National Bank | C7: Banks | D7: 0.1075
A8: INE692A01016 | B8: Union Bank of India | C8: Banks | D8: 0.0996
A9: INE562A01011 | B9: Indian Bank | C9: Banks | D9: 0.0868
A10: INE084A01016 | B10: Bank of India | C10: Banks | D10: 0.047
A14: Top 7 groups as % of NAV of the scheme
A15: Management Group | C15: % to NAV
A16: =+'PSU bank index '!A1 -> PSU | C16: 0.6617
A17: =+'PSU bank index '!A2 -> PSU - SBI | C17: 0.3403
A24: Top 4 sectors as % of NAV of the scheme
A25: Sector | B25: % to NAV
A26: Financial Services | B26: 1.0020226

Sheet PSU bank index 
A1: PSU | B1: 66.173075
A2: PSU - SBI | B2: 34.029185

Sheet IB66-XI
A1: IB66-Groww Nifty PSU Bank ETF
A2: Top 7 issuers and stocks respectively as % of NAV of the scheme
A3: ISIN | B3: Name Of Instrument | C3: Rating/Industry | D3: % To Net Assets
A4: INE062A01020 | B4: State Bank of India | C4: Banks | D4: 0.3391
A5: INE028A01039 | B5: Bank of Baroda | C5: Banks | D5: 0.1205
A6: INE476A01022 | B6: Canara Bank | C6: Banks | D6: 0.1161
A7: INE160A01022 | B7: Punjab National Bank | C7: Banks | D7: 0.1071
A8: INE692A01016 | B8: Union Bank of India | C8: Banks | D8: 0.0993
A9: INE562A01011 | B9: Indian Bank | C9: Banks | D9: 0.0865
A10: INE084A01016 | B10: Bank of India | C10: Banks | D10: 0.0469
A14: Top 7 groups as % of NAV of the scheme
A15: Management Group | C15: % to NAV
A16: PSU | C16: 0.6593
A17: PSU - SBI | C17: 0.3391
A24: Top 4 sectors as % of NAV of the scheme
A25: Sector | B25: % to NAV
A26: Financial Services | B26: 0.99837945

Sheet IB68-XJ
A1: IB68-Groww Nifty Private Bank ETF
A2: Top 7 issuers and stocks respectively as % of NAV of the scheme
A3: ISIN | B3: Name Of Instrument | C3: Rating/Industry | D3: % To Net Assets
A4: INE090A01021 | B4: ICICI Bank Limited | C4: Banks | D4: 0.2206
A5: INE237A01036 | B5: Kotak Mahindra Bank Limited | C5: Banks | D5: 0.2072
A6: INE238A01034 | B6: Axis Bank Limited | C6: Banks | D6: 0.1897
A7: INE040A01034 | B7: HDFC Bank Limited | C7: Banks | D7: 0.1863
A8: INE171A01029 | B8: The Federal Bank Limited | C8: Banks | D8: 0.059
A9: INE095A01012 | B9: IndusInd Bank Limited | C9: Banks | D9: 0.0449
A10: INE092T01019 | B10: IDFC First Bank Limited | C10: Banks | D10: 0.0383
A14: Top 7 groups as % of NAV of the scheme
A15: Management Group | C15: % to NAV
A16: =+'Pvt bank etf '!A1 -> ICICI | C16: 0.2206
A17: =+'Pvt bank etf '!A2 -> Kotak | C17: 0.2072
A18: =+'Pvt bank etf '!A3 -> Axis Bank | C18: 0.1897
A19: =+'Pvt bank etf '!A4 -> HDFC | C19: 0.1863
A20: =+'Pvt bank etf '!A5 -> Federal Bank | C20: 0.059
A21: =+'Pvt bank etf '!A6 -> Hinduja | C21: 0.0449
A22: =+'Pvt bank etf '!A7 -> IDFC | C22: 0.0383
A24: Top 4 sectors as % of NAV of the scheme
A25: Sector | B25: % to NAV
A26: Financial Services | B26: 0.99867221

Sheet Pvt bank etf 
A1: ICICI | B1: 22.056266
A2: Kotak | B2: 20.723463
A3: Axis Bank | B3: 18.971121
A4: HDFC | B4: 18.625471
A5: Federal Bank | B5: 5.900099
A6: Hinduja | B6: 4.493362
A7: IDFC | B7: 3.828045

Sheet IB69-YJ
A1: IB69-Groww Nifty Private Bank index
A2: Top 7 issuers and stocks respectively as % of NAV of the scheme
A3: ISIN | B3: Name Of Instrument | C3: Rating/Industry | D3: % To Net Assets
A4: INE090A01021 | B4: ICICI Bank Limited | C4: Banks | D4: 0.2204022
A5: INE237A01036 | B5: Kotak Mahindra Bank Limited | C5: Banks | D5: 0.2070645
A6: INE238A01034 | B6: Axis Bank Limited | C6: Banks | D6: 0.18956233
A7: INE040A01034 | B7: HDFC Bank Limited | C7: Banks | D7: 0.18610191
A8: INE171A01029 | B8: The Federal Bank Limited | C8: Banks | D8: 0.058953098
A9: INE095A01012 | B9: IndusInd Bank Limited | C9: Banks | D9: 0.044899277
A10: INE092T01019 | B10: IDFC First Bank Limited | C10: Banks | D10: 0.038249405
A14: Top 7 groups as % of NAV of the scheme
A15: Management Group | C15: % to NAV
A16: =+'Pvt bank index '!A1 -> ICICI | C16: 0.2204
A17: =+'Pvt bank index '!A2 -> Kotak | C17: 0.2071
A18: =+'Pvt bank index '!A3 -> Axis Bank | C18: 0.1896
A19: =+'Pvt bank index '!A4 -> HDFC | C19: 0.1861
A20: =+'Pvt bank index '!A5 -> Federal Bank | C20: 0.059
A21: =+'Pvt bank index '!A6 -> Hinduja | C21: 0.0449
A22: =+'Pvt bank index '!A7 -> IDFC | C22: 0.0382
A24: Top 4 sectors as % of NAV of the scheme
A25: Sector | B25: % to NAV
A26: Financial Services | B26: 0.99788687

Sheet Pvt bank index 
A1: ICICI | B1: 22.04022
A2: Kotak | B2: 20.70645
A3: Axis Bank | B3: 18.956233
A4: HDFC | B4: 18.610191
A5: Federal Bank | B5: 5.89531
A6: Hinduja | B6: 4.489928
A7: IDFC | B7: 3.82494

Sheet IB70-XK
A1: IB70-Groww Nifty Smallcap 250Mom Qlty 100 ETF
A2: Top 7 issuers and stocks respectively as % of NAV of the scheme
A3: ISIN | B3: Name Of Instrument | C3: Rating/Industry | D3: % To Net Assets
A4: INE191B01025 | B4: WELSPUN CORP LTD | C4: Industrial Products | D4: 0.041
A5: INE073K01018 | B5: Sona BLW Precision Forgings Limited | C5: Auto Components | D5: 0.0352
A6: INE548A01028 | B6: HFCL Limited | C6: Telecom - Services | D6: 0.0338
A7: INE036D01028 | B7: Karur Vysya Bank Limited | C7: Banks | D7: 0.0333
A8: INE048G01026 | B8: Navin Fluorine International Limited | C8: Chemicals & Petrochemicals | D8: 0.0329
A9: INE463V01026 | B9: Anand Rathi Wealth Limited | C9: Capital Markets | D9: 0.0306
A10: INE068V01023 | B10: Gland Pharma Limited | C10: Pharmaceuticals & Biotechnology | D10: 0.0288
A14: Top 7 groups as % of NAV of the scheme
A15: Management Group | C15: % to NAV
A16: =+'smc 100 ETF'!A1 -> PSU | C16: 0.0754
A17: =+'smc 100 ETF'!A2 -> Welspun | C17: 0.0459
A18: =+'smc 100 ETF'!A3 -> HFCL | C18: 0.0338
A19: =+'smc 100 ETF'!A4 -> Arvind Mafatlal | C19: 0.0329
A20: =+'smc 100 ETF'!A5 -> CDSL | C20: 0.0216
A21: =+'smc 100 ETF'!A6 -> Aegis Logistics - MNC | C21: 0.0191
A22: =+'smc 100 ETF'!A7 -> Himadri | C22: 0.019
A24: Top 4 sectors as % of NAV of the scheme
A25: Sector | B25: % to NAV
A26: Financial Services | B26: 0.22870108
A27: Capital Goods | B27: 0.17779448
A28: Healthcare | B28: 0.1449435
A29: Automobile and Auto Components | B29: 0.08734002

Sheet smc 100 ETF
A1: PSU | B1: 7.537104
A2: Welspun | B2: 4.586277
A3: HFCL | B3: 3.376906
A4: Arvind Mafatlal | B4: 3.292519
A5: CDSL | B5: 2.159519
A6: Aegis Logistics - MNC | B6: 1.907762
A7: Himadri | B7: 1.904042

Sheet IB71-YK
A1: IB71-Groww Nifty Smallcap 250Mom Qlty100 Indx
A2: Top 7 issuers and stocks respectively as % of NAV of the scheme
A3: ISIN | B3: Name Of Instrument | C3: Rating/Industry | D3: % To Net Assets
A4: INE191B01025 | B4: WELSPUN CORP LTD | C4: Industrial Products | D4: 0.041185933
A5: INE073K01018 | B5: Sona BLW Precision Forgings Limited | C5: Auto Components | D5: 0.035364549
A6: INE548A01028 | B6: HFCL Limited | C6: Telecom - Services | D6: 0.03396042
A7: INE036D01028 | B7: Karur Vysya Bank Limited | C7: Banks | D7: 0.033490974
A8: INE048G01026 | B8: Navin Fluorine International Limited | C8: Chemicals & Petrochemicals | D8: 0.033130808
A9: INE463V01026 | B9: Anand Rathi Wealth Limited | C9: Capital Markets | D9: 0.030720442
A10: INE068V01023 | B10: Gland Pharma Limited | C10: Pharmaceuticals & Biotechnology | D10: 0.028933137
A14: Top 7 groups as % of NAV of the scheme
A15: Management Group | C15: % to NAV
A16: =+'quality 100 Index '!A1 -> PSU | C16: 0.0758
A17: =+'quality 100 Index '!A2 -> Welspun | C17: 0.0461
A18: =+'quality 100 Index '!A3 -> HFCL | C18: 0.034
A19: =+'quality 100 Index '!A4 -> Arvind Mafatlal | C19: 0.0331
A20: =+'quality 100 Index '!A5 -> CDSL | C20: 0.0217
A21: =+'quality 100 Index '!A6 -> Aegis Logistics - MNC | C21: 0.0192
A22: =+'quality 100 Index '!A7 -> Himadri | C22: 0.0191
A24: Top 4 sectors as % of NAV of the scheme
A25: Sector | B25: % to NAV
A26: Financial Services | B26: 0.22998658
A27: Capital Goods | B27: 0.17871209
A28: Healthcare | B28: 0.14585812
A29: Automobile and Auto Components | B29: 0.08804295

Sheet quality 100 Index 
A1: PSU | B1: 7.578305
A2: Welspun | B2: 4.611414
A3: HFCL | B3: 3.396042
A4: Arvind Mafatlal | B4: 3.313081
A5: CDSL | B5: 2.173144
A6: Aegis Logistics - MNC | B6: 1.918618
A7: Himadri | B7: 1.9143

Sheet IB72- XL
A1: IB72- Groww Nifty Cements ETF
A2: Top 7 issuers and stocks respectively as % of NAV of the scheme
A3: ISIN | B3: Name Of Instrument | C3: Rating/Industry | D3: % To Net Assets
A4: INE047A01021 | B4: Grasim Industries Limited | C4: Cement & Cement Products | D4: 0.16627032
A5: INE481G01011 | B5: UltraTech Cement Limited | C5: Cement & Cement Products | D5: 0.15441022
A6: INE079A01024 | B6: Ambuja Cements Limited | C6: Cement & Cement Products | D6: 0.13705201
A7: INE070A01015 | B7: Shree Cement Limited | C7: Cement & Cement Products | D7: 0.13695056
A8: INE823G01014 | B8: JK Cement Limited | C8: Cement & Cement Products | D8: 0.11765142
A9: INE00R701025 | B9: Dalmia Bharat Limited | C9: Cement & Cement Products | D9: 0.080849652
A10: INE331A01037 | B10: The Ramco Cements Limited | C10: Cement & Cement Products | D10: 0.060913908
A14: Top 7 groups as % of NAV of the scheme
A15: Management Group | C15: % to NAV
A16: =+'Cement ETF'!A1 -> Birla Aditya | C16: 0.3207
A17: =+'Cement ETF'!A2 -> JK Cements | C17: 0.1372
A18: =+'Cement ETF'!A3 -> Ambuja - MNC | C18: 0.1371
A19: =+'Cement ETF'!A4 -> Shree Cement | C19: 0.137
A20: =+'Cement ETF'!A5 -> Dalmia Bharat | C20: 0.0808
A21: =+'Cement ETF'!A6 -> Ramco | C21: 0.0609
A22: =+'Cement ETF'!A7 -> ACC | C22: 0.0419
A24: Top 4 sectors as % of NAV of the scheme
A25: Sector | B25: % to NAV
A26: Construction Materials | B26: 0.99849574

Sheet Cement ETF
A1: Birla Aditya | B1: 32.068054
A2: JK Cements | B2: 13.715649
A3: Ambuja - MNC | B3: 13.705201
A4: Shree Cement | B4: 13.695056
A5: Dalmia Bharat | B5: 8.084965
A6: Ramco | B6: 6.091391
A7: ACC | B7: 4.194823

Sheet Sheet1
A1: HDFC | B1: 15.88
A2: Mukesh Ambani | B2: 10.41
A3: Tata | B3: 8.42
A4: ICICI Bank Group | B4: 7.63
A5: Indian Private Infosys | B5: 6.94
A6: MNC Asc-ITC | B6: 4.46
A7: L & T | B7: 3.4
